 Dungeon Crawl Stone Soup version 0.20.1-1-g8b1a95d (webtiles) character file.

231877 spiff the Severer (level 18, -2/163 HPs)
             Began as a Minotaur Berserker on July 21, 2017.
             Was a High Priest of Trog.
             Slain by a shock serpent (11 damage)
             ... on level 4 of the Snake Pit.
             The game lasted 02:07:31 (42003 turns).

spiff the Severer (Minotaur Berserker)             Turns: 42003, Time: 02:07:32

Health: -2/163     AC: 24    Str: 24    XL:     18   Next: 80%
Magic:  0/24       EV: 23    Int:  4    God:    Trog [*****.]
Gold:   2793       SH:  0    Dex: 16    Spells: 17/17 levels left

rFire    . . .     SeeInvis .   R - +7 battleaxe (elec)
rCold    + . .     Gourm    .   (shield currently unavailable)
rNeg     . . .     Faith    .   n - +6 scale mail of the Yeti {MR+}
rPois    +         Spirit   +   (helmet restricted)
rElec    .         Reflect  .   X - +2 cloak
rCorr    .         Harm     .   o - +1 pair of gloves {archery}
MR       ++++.                  A - +2 pair of boots {run}
Stlth    ..........             F - amulet of guardian spirit
Regen    1.4/turn               s - ring of Ehuar {rPois rC+}
MPRegen  0.2/turn               y - +2 ring of slaying

@: berserk cooldown, very slightly contaminated, starving, regenerating, quick
A: retaliatory headbutt, horns 2
}: 1/15 runes: decaying
a: Berserk, Trog's Hand, Brothers in Arms, Burn Spellbooks, Renounce Religion


You were on level 4 of the Snake Pit.
You worshipped Trog.
Trog was extremely pleased with you.
You were starving.

You visited 5 branches of the dungeon, and saw 31 of its levels.
You also visited: Ice Cave.

You collected 3498 gold pieces.
You spent 705 gold pieces at shops.

Inventory:

Hand Weapons
 f - a +6 antimagic battleaxe
 R - a +7 battleaxe of electrocution (weapon)
 V - a +4 antimagic executioner's axe
Missiles
 e - 3 tomahawks of returning
 h - 43 tomahawks (quivered)
 i - a throwing net
 k - 16 silver javelins
 p - 14 javelins
 r - 4 steel javelins
 K - 2 tomahawks of dispersal
 Z - 2 javelins of returning
Armour
 n - the +6 scale mail of the Yeti (worn) {MR+}
   (You bought it in a shop on level 2 of the Orcish Mines)

   It affects your resistance to hostile enchantments.
 o - a +1 pair of gloves of archery (worn)
 A - a +2 pair of boots of running (worn)
 H - the +2 scale mail "Qebyh" {rPois MR+}
   (You found it on level 6 of the Lair of Beasts)

   It protects you from poison.
   It affects your resistance to hostile enchantments.
 T - a +0 cloak of invisibility
 X - a +2 cloak (worn)
Jewellery
 s - the ring of Ehuar (left hand) {rPois rC+}
   (You found it in an ice cave)

   [ring of protection from cold]

   It protects you from cold.
   It protects you from poison.
 y - a +2 ring of slaying (right hand)
 F - an amulet of guardian spirit (around neck)
 Q - an uncursed ring of see invisible
Wands
 b - a wand of scattershot (4/9)
 t - a wand of polymorph (11/24)
 v - a wand of digging (18/24)
 M - a wand of flame (20/48)
 N - a wand of digging (13/24)
 P - a wand of iceblast (15/15)
Scrolls
 a - 2 scrolls of fog
 d - 16 scrolls of remove curse
 x - a scroll of enchant weapon
 C - 4 scrolls of recharging
 E - 7 scrolls of identify
 I - 9 scrolls of teleportation
 U - a scroll of summoning
Potions
 g - 6 potions of curing
 j - 6 potions of haste
 l - 2 potions of cancellation
 w - 2 potions of invisibility
 z - 6 potions of flight
 G - a potion of resistance
 O - 5 potions of might
 W - a potion of agility
Miscellaneous
 S - a lamp of fire
 Y - a phial of floods
Comestibles
 c - 18 bread rations
 B - 8 fruits
 D - a royal jelly


   Skills:
 - Level 15.2 Fighting
 - Level 20.0 Axes
 + Level 16.0 Throwing
 - Level 10.4 Armour
 + Level 18.0 Dodging
 - Level 10.0 Evocations


You had 17 spell levels left.
You didn't know any spells.

Dungeon Overview and Level Annotations

Branches:
Dungeon (15/15)            Temple (0/1) D:7            Lair (6/6) D:9
  Swamp (4/4) Lair:3        Snake (4/4) Lair:2        Slime (0/5) Lair:5
    Orc (2/2) D:11            Elf (0/3) Orc:2        Vaults (0/5) D:14
 Depths (0/5) D:15

Altars:
Ashenzari
Cheibriados
Dithmenos
Elyvilon
Hepliaklqana
Nemelex Xobeh
Okawaru
Qazlal
Sif Muna
Vehumet
Yredelemnul
Zin
The Shining One

Shops:
D:7 !   D:14 *   Orc:2 [*(=   Snake:1 *

Annotations:
Lair:3 exclusion: 3 oklob plants
Lair:6 exclusion: oklob plant
Swamp:3 exclusion: downstairs
Swamp:4 Lernaean hydra


Innate Abilities, Weirdness & Mutations

You reflexively headbutt those who attack you in melee.
You have a pair of horns on your head.


Message History

The shock serpent completely resists.
The shock serpent's electric aura discharges, shocking your shock serpent!
Your shock serpent dies!
Your shock serpent's corpse dissolves into shadows!
The air sparks with electricity, shocking the shock serpent!
The guardian serpent closely misses you.
You furiously retaliate!
You headbutt the guardian serpent. The shock serpent closely misses you.
The naga sharpshooter shoots a bolt.
The bolt barely misses you.
Okay, then.
As you read the scroll of summoning, it crumbles to dust.
Wisps of shadow whirl around you...
You are starving!
The guardian serpent gestures with its tail.
The naga sharpshooter blinks!
The shock serpent completely misses you.
The shock serpent bites you.
* * * LOW HITPOINT WARNING * * *
The shock serpent shocks you!
You die...

...................#.#.........)#
.....N..........##.#.##.........#
..###S.............#.#...........
.N#.O..§...........#.#......#....
...N.(S..........[.#.......<#....
..(...)..........................
......§.§N.§....(................
....#....N...†.N(S........#......
....#..........(@N....#####....##
....#####.....S)S)<...# #....#
....# #.....####S...# #....#
....# #...### #....# #....##
....# ##### #..(.#####...^##
##### ###.#.......####
...#.####### # #.####.# # # #.# #


You could see a naga warrior, 2 naga sharpshooters, a shock serpent, a guardian
serpent, a naga and 2 friendly black mambas.

Vanquished Creatures
  Mara (Snake:4)
  Vashnia (Snake:3)
  Nikola (Swamp:3)
  Asterion (Snake:2)
  Rupert (Lair:5)
  3 thorn hunters
  Agnes (D:14)
  Kirke (D:15)
  2 nagarajas
  A frost giant (D:15)
  An orc warlord (Orc:2)
  A very ugly thing (Swamp:1)
  A stone giant (Orc:2)
  Nessos (D:14)
  Snorg (D:12)
  2 ice dragons (IceCv)
  Fannar (Lair:2)
  19 hydras
  4 ghost crabs
  5 vault guards (D:14)
  16 naga warriors
  16 anacondas
  3 centaur warriors
  9 two-headed ogres
  An ogre mage (D:15)
  12 alligators
  5 death yaks
  A tengu warrior (D:14)
  12 naga sharpshooters
  4 orc high priests (Orc:2)
  2 shock serpents
  Nergalle (Lair:2)
  10 spriggans
  4 salamander mystics
  4 spriggan druids
  3 sea snakes (Snake:4)
  15 swamp dragons
  Pikel (D:7)
  A shambling mangrove (Swamp:3)
  A wizard (D:14)
  7 naga ritualists
  3 deep elf magi
  6 orc sorcerers
  A deep elf archer (D:14)
  10 mana vipers
  2 orc knights (Orc:2)
  A wolf spider (Lair:6)
  2 cyclopes
  30 slime creatures
  A manticore (D:15)
  6 elephants (Lair:6)
  17 salamanders
  19 ugly things
  Maurice (Orc:1)
  9 guardian serpents
  16 naga magi
  A gargoyle (D:15)
  2 ice statues (IceCv)
  36 black mambas
  29 spiny frogs
  2 rime drakes (IceCv)
  2 kobold demonologists
  A freezing wraith (D:15)
  6 komodo dragons
  3 yaktaurs
  The ghost of Baril the Digger, a novice GrEE (D:5)
  An efreet (D:14)
  The ghost of greprep the Skirmisher, an amateur MiFi of Ashenzari (D:4)
  2 tengu conjurers (D:14)
  A polar bear (Lair:3)
  8 trolls
  Grinder (D:3)
  5 tyrant leeches
  21 hornets
  A merfolk (D:11)
  5 bog bodies
  Prince Ribbit (D:7)
  7 blink frogs
  A blink frog (shapeshifter) (D:15)
  10 hippogriffs
  2 shadows (D:11)
  A water elemental (D:11)
  9 redbacks
  A wraith (D:14)
  12 wyverns
  28 yaks
  4 hungry ghosts
  A fire elemental (Lair:6)
  A steam dragon (D:9)
  Grum (D:8)
  5 basilisks
  7 hogs
  3 wargs
  14 vampire mosquitoes
  Menkaure (D:7)
  10 insubstantial wisps (Swamp:2)
  43 nagas
  20 swamp worms
  16 water moccasins
  8 porcupines
  38 orc warriors
  20 swamp drakes
  2 eyes of draining
  17 black bears
  A sky beast (D:10)
  29 ice beasts
  3 phantoms
  4 slaves (D:7)
  8 ogres
  16 wolves
  15 centaurs
  10 crocodiles
  29 bullfrogs
  A big kobold (D:7)
  2 gnoll sergeants (D:11)
  A scorpion (D:10)
  6 wyvern skeletons
  12 killer bees
  7 wights
  8 electric eels
  7 crimson imps
  A bullfrog zombie (D:12)
  2 centaur zombies
  7 jellies
  A gnoll shaman (D:5)
  4 hounds
  5 bullfrog skeletons
  32 orc priests
  Jessica (D:1)
  4 centaur skeletons
  5 iguanas
  33 orc wizards
  13 worker ants
  A killer bee zombie (D:7)
  A hound skeleton (D:6)
  A howler monkey zombie (D:7)
  A howler monkey skeleton (D:6)
  13 gnolls
  11 adders
  3 shadow imps
  3 oozes
  An adder skeleton (D:8)
  2 worms (D:2)
  6 dart slugs
  112 orcs
  A ball python (D:3)
  12 bats
  A giant cockroach (D:2)
  9 goblins
  6 hobgoblins
  19 jackals
  12 kobolds
  5 quokkas
  5 frilled lizards
  13 rats
  8 briar patches (Swamp:4)
  A fungus (Lair:4)
  7 plants
1234 creatures vanquished.

Vanquished Creatures (collateral kills)
  2 hydras (Lair:2)
  A catoblepas (Lair:6)
  2 anacondas (Snake:4)
  2 naga sharpshooters (Snake:4)
  A shock serpent (Snake:4)
  2 naga ritualists
  An orc knight (Orc:2)
  A shambling mangrove (Swamp:4)
  A black mamba (Snake:1)
  A naga mage (Snake:4)
  2 blink frogs (Lair:5)
  A naga (Snake:4)
  3 orc warriors (Orc:2)
  A bullfrog (Lair:2)
  An orc priest (Orc:2)
  2 jellies (Lair:5)
  An adder (D:7)
  An ooze (Lair:5)
26 creatures vanquished.

Vanquished Creatures (others)
  Donald (Swamp:3)
  A guardian serpent (Snake:4)
  A naga mage (Snake:1)
  A spiny frog (Lair:6)
  A slime creature (Swamp:2)
  A swamp worm (Swamp:1)
  A worker ant (D:14)
  2 orcs (D:9)
  3 briar patches (Swamp:4)
  28 fungi
  26 plants
66 creatures vanquished.

Grand Total: 1326 creatures vanquished

Notes
Turn   | Place    | Note
-------+----------+-------------------------------------------
     0 | D:1      | spiff the Minotaur Berserker began the quest for the Orb.
     0 | D:1      | Reached XP level 1. HP: 19/19 MP: 0/0
    26 | D:1      | Reached skill level 4 in Axes
    51 | D:1      | Reached XP level 2. HP: 20/26 MP: 1/1
   423 | D:1      | Reached skill level 5 in Axes
   463 | D:1      | Reached XP level 3. HP: 31/31 MP: 2/2
   543 | D:1      | Reached ** piety under Trog
   805 | D:2      | Noticed Jessica
   820 | D:1      | Killed Jessica
   820 | D:1      | Reached XP level 4. HP: 22/41 MP: 3/3
   913 | D:2      | Reached skill level 5 in Fighting
  1676 | D:3      | Reached XP level 5. HP: 50/50 MP: 4/4
  1894 | D:3      | Reached *** piety under Trog
  2132 | D:3      | Noticed Grinder
  2145 | D:3      | Killed Grinder
  2145 | D:3      | Reached XP level 6. HP: 62/62 MP: 5/5
  2301 | D:3      | Found a hazy altar of Hepliaklqana.
  2470 | D:4      | Reached XP level 7. HP: 69/69 MP: 6/6
  2648 | D:4      | Noticed greprep's ghost (amateur MiFi)
  2697 | D:4      | Killed greprep's ghost
  2697 | D:4      | Reached skill level 6 in Axes
  2797 | D:4      | Reached skill level 7 in Axes
  2988 | D:4      | Reached skill level 5 in Dodging
  2990 | D:4      | Reached XP level 8. HP: 75/75 MP: 7/7
  2992 | D:4      | Reached **** piety under Trog
  3235 | D:4      | Got a polished chain mail
  3246 | D:4      | Identified the +1 chain mail of the Untouchables {rPois Dex+3} (You found it on level 4 of the Dungeon)
  3477 | D:5      | Entered Level 5 of the Dungeon
  3642 | D:5      | Found a white marble altar of Elyvilon.
  3652 | D:5      | Got an opalescent robe
  3663 | D:5      | Identified the +2 robe of Sin {rF- Int+3 Dex+2 Slay+3} (You found it on level 5 of the Dungeon)
  3686 | D:5      | Noticed Baril's ghost (novice GrEE)
  3697 | D:5      | Killed Baril's ghost
  3697 | D:5      | Reached skill level 8 in Axes
  4090 | D:5      | Reached skill level 9 in Axes
  4415 | D:6      | Reached XP level 9. HP: 75/82 MP: 8/8
  4628 | D:6      | Reached skill level 10 in Axes
  4829 | D:6      | Found a sparkling altar of Nemelex Xobeh.
  4909 | D:7      | Received a gift from Trog
  4918 | D:7      | Found Kiychijo's Distillery.
  4969 | D:7      | Bought a potion of heal wounds for 65 gold pieces
  4969 | D:7      | Bought 2 potions of curing for 78 gold pieces
  4969 | D:7      | Bought a potion of haste for 130 gold pieces
  4984 | D:7      | Noticed Pikel
  5007 | D:7      | Killed Pikel
  5074 | D:7      | Noticed Prince Ribbit
  5085 | D:7      | Killed Prince Ribbit
  5085 | D:7      | Reached skill level 11 in Axes
  5116 | D:7      | Found a shattered altar of Ashenzari.
  5289 | D:7      | Noticed Menkaure
  5293 | D:7      | Killed Menkaure
  5351 | D:7      | Found a staircase to the Ecumenical Temple.
  5374 | D:7      | Reached ***** piety under Trog
  5937 | D:7      | Found a snail-covered altar of Cheibriados.
  5937 | D:7      | Found a deep blue altar of Sif Muna.
  5937 | D:7      | Found a glowing golden altar of the Shining One.
  5937 | D:7      | Found a glowing silver altar of Zin.
  5945 | D:7      | Found an iron altar of Okawaru.
  5945 | D:7      | Found a shattered altar of Ashenzari.
  6012 | D:8      | Reached skill level 10 in Dodging
  6012 | D:8      | Reached XP level 10. HP: 90/90 MP: 9/9
  6179 | D:8      | Found a shadowy altar of Dithmenos.
  6227 | D:8      | Noticed Grum
  6229 | D:8      | Reached skill level 1 in Throwing
  6237 | D:8      | Killed Grum
  6237 | D:8      | Reached skill level 12 in Axes
  6282 | D:8      | Noticed a two-headed ogre
  6301 | D:8      | Killed a two-headed ogre
  6519 | D:8      | Received a gift from Trog
  6753 | D:8      | Reached skill level 10 in Fighting
  7134 | D:9      | Found a staircase to the Lair.
  7154 | D:9      | Reached skill level 13 in Axes
  7399 | D:9      | Reached skill level 5 in Throwing
  7533 | D:9      | Found a stormy altar of Qazlal.
  7665 | D:9      | Reached XP level 11. HP: 99/99 MP: 10/10
  7814 | D:9      | Found a sparkling altar of Nemelex Xobeh.
  7820 | D:9      | Found a basalt altar of Yredelemnul.
  7901 | D:10     | Entered Level 10 of the Dungeon
  8861 | D:10     | Noticed a two-headed ogre
  8868 | D:10     | Killed a two-headed ogre
  8868 | D:10     | Reached skill level 1 in Evocations
  9200 | D:11     | Received a gift from Trog
  9433 | D:11     | Got a bloodstained war axe
  9434 | D:11     | Lost intelligence.
  9434 | D:11     | Identified the +5 war axe "Bewk" {chop, +Rage rF+++ Int-4 Dex-3} (You found it on level 11 of the Dungeon)
  9479 | D:11     | Reached skill level 14 in Axes
  9543 | D:11     | Noticed a red ugly thing
  9550 | D:11     | Killed a red ugly thing
  9947 | D:11     | Found a staircase to the Orcish Mines.
 10370 | D:11     | Noticed a two-headed ogre
 10376 | D:11     | Killed a two-headed ogre
 10381 | D:11     | Reached skill level 5 in Evocations
 11075 | D:11     | Found a glowing silver altar of Zin.
 11191 | D:11     | Reached XP level 12. HP: 102/107 MP: 14/14
 11214 | D:11     | Received a gift from Trog
 11568 | Lair:1   | Entered Level 1 of the Lair of Beasts
 11638 | Lair:1   | Reached skill level 5 in Armour
 11687 | Lair:1   | Reached skill level 15 in Axes
 12735 | Lair:2   | Noticed Fannar
 12757 | Lair:2   | Killed Fannar
 12949 | Lair:2   | Found a staircase to the Snake Pit.
 13075 | Lair:2   | Noticed Nergalle
 13081 | Lair:2   | Killed Nergalle
 13411 | Lair:2   | Noticed a five-headed hydra
 13418 | Lair:2   | Killed a five-headed hydra
 13776 | Lair:2   | Noticed a six-headed hydra
 13782 | Lair:2   | Killed a six-headed hydra
 14490 | Lair:3   | Reached skill level 16 in Axes
 14497 | Lair:3   | Found a staircase to the Swamp.
 15090 | Lair:4   | Noticed a five-headed hydra
 15099 | Lair:4   | Killed an eight-headed hydra
 15099 | Lair:4   | Reached XP level 13. HP: 74/119 MP: 10/15
 15394 | Lair:4   | Received a gift from Trog
 15947 | Lair:4   | Found a radiant altar of Vehumet.
 16426 | Lair:5   | Found a staircase to the Slime Pits.
 17054 | Lair:5   | Noticed Rupert
 17066 | Lair:5   | Killed Rupert
 17433 | Lair:5   | Found a hazy altar of Hepliaklqana.
 17607 | Lair:6   | Entered Level 6 of the Lair of Beasts
 18042 | Lair:6   | Got a bronze scale mail
 18053 | Lair:6   | Identified the +2 scale mail "Qebyh" {rPois MR+} (You found it on level 6 of the Lair of Beasts)
 18131 | Lair:6   | Reached skill level 10 in Armour
 18487 | Lair:6   | Reached skill level 15 in Fighting
 18712 | Lair:6   | Reached skill level 17 in Axes
 18712 | Lair:6   | Reached XP level 14. HP: 101/135 MP: 12/16
 19181 | Lair:6   | Paralysed by a hornet for 3 turns
 19661 | Lair:6   | Received a gift from Trog
 20859 | Orc:1    | Entered Level 1 of the Orcish Mines
 20862 | Orc:1    | Received a gift from Trog
 21192 | Orc:2    | Entered Level 2 of the Orcish Mines
 21192 | Orc:2    | Found a staircase to the Elven Halls.
 21354 | Orc:1    | Noticed Maurice
 21365 | Orc:1    | Killed Maurice
 21672 | Orc:2    | Received a gift from Trog
 21835 | Orc:2    | Received a gift from Trog
 22071 | Orc:2    | Noticed an orc warlord
 22124 | Orc:2    | Killed an orc warlord
 22294 | Orc:2    | Noticed a stone giant
 22314 | Orc:2    | Killed a stone giant
 22812 | Orc:2    | Received a gift from Trog
 22814 | Orc:2    | Reached skill level 18 in Axes
 22822 | Orc:2    | Found Etrezuwn's General Store.
 22884 | Orc:2    | Found Riunomix's Antique Armour Emporium.
 22884 | Orc:2    | Found Suuwett's Antique Weapon Emporium.
 22886 | Orc:2    | Found Lath's Jewellery Shoppe.
 22900 | Orc:2    | Bought a brightly glowing scale mail for 162 gold pieces
 22900 | Orc:2    | Bought a pair of glowing gloves for 135 gold pieces
 22900 | Orc:2    | Bought a pair of runed boots for 135 gold pieces
 22910 | Orc:2    | Identified a +2 pair of boots of running (You bought it in a shop on level 2 of the Orcish Mines)
 22920 | Orc:2    | Identified the +6 scale mail of the Yeti {MR+} (You bought it in a shop on level 2 of the Orcish Mines)
 23252 | D:12     | Noticed Snorg
 23261 | D:12     | Killed Snorg
 23702 | D:12     | Received a gift from Trog
 24346 | D:13     | Received a gift from Trog
 24346 | D:13     | Reached XP level 15. HP: 127/141 MP: 17/20
 25217 | D:14     | Noticed Nessos
 25231 | D:14     | Killed Nessos
 25716 | D:14     | Found a gate to the Vaults.
 25933 | D:14     | Found Juahu's General Store.
 25948 | D:14     | Reached skill level 10 in Throwing
 25971 | D:14     | Noticed Agnes
 25983 | D:14     | Killed Agnes
 26253 | D:15     | Entered Level 15 of the Dungeon
 26409 | D:15     | Reached skill level 19 in Axes
 26464 | D:15     | Found a frozen archway.
 26465 | D:15     | Received a gift from Trog
 26486 | IceCv    | Entered an ice cave
 26888 | IceCv    | Got a steaming platinum ring
 26889 | IceCv    | Identified the ring of Ehuar {rPois rC+} (You found it in an ice cave)
 27168 | D:15     | Noticed Kirke
 27184 | D:15     | Killed Kirke
 27334 | D:15     | Received a gift from Trog
 27985 | D:15     | Reached skill level 10 in Evocations
 28076 | D:15     | Noticed a frost giant
 28104 | D:15     | Killed a frost giant
 28104 | D:15     | Reached XP level 16. HP: 125/149 MP: 6/22
 28130 | D:15     | Found a staircase to the Depths.
 28464 | Swamp:1  | Entered Level 1 of the Swamp
 28690 | Swamp:1  | Received a gift from Trog
 29479 | Swamp:2  | Reached skill level 20 in Axes
 29860 | Swamp:2  | Noticed a thorn hunter
 29867 | Swamp:2  | Killed a thorn hunter
 30686 | Swamp:2  | Received a gift from Trog
 30950 | Swamp:2  | Found a stormy altar of Qazlal.
 31619 | Swamp:3  | Noticed Nikola
 31876 | Swamp:3  | Killed Nikola
 32571 | Swamp:3  | Noticed Donald
 32582 | Swamp:3  | Killed Donald
 32675 | Swamp:4  | Entered Level 4 of the Swamp
 32763 | Swamp:4  | Received a gift from Trog
 33072 | Swamp:4  | Noticed a thorn hunter
 33086 | Swamp:4  | Reached XP level 17. HP: 112/156 MP: 19/23
 33393 | Swamp:4  | Received a gift from Trog
 34020 | Swamp:4  | Received a gift from Trog
 34609 | Swamp:4  | Noticed the 27-headed Lernaean hydra
 34966 | Swamp:4  | Got a decaying rune of Zot
 35180 | Snake:1  | Entered Level 1 of the Snake Pit
 35192 | Snake:1  | Reached skill level 15 in Dodging
 36041 | Snake:1  | Found Ekkiphox's General Store.
 36427 | Snake:1  | Received a gift from Trog
 37363 | Snake:2  | Received a gift from Trog
 37628 | Snake:2  | Received a gift from Trog
 37939 | Snake:2  | Found a stormy altar of Qazlal.
 38452 | Snake:2  | Noticed Asterion
 38462 | Snake:2  | Killed Asterion
 39033 | Snake:2  | Reached XP level 18. HP: 89/163 MP: 10/24
 39772 | Snake:3  | Received a gift from Trog
 40223 | Snake:3  | Reached skill level 15 in Throwing
 40234 | Snake:3  | Noticed Vashnia
 40283 | Snake:3  | Killed Vashnia
 41129 | Snake:4  | Entered Level 4 of the Snake Pit
 41205 | Snake:4  | Noticed Mara
 41258 | Snake:4  | Noticed spiff's illusion
 41260 | Snake:4  | Killed Mara
 41824 | Snake:4  | Identified a scroll of acquirement
 41873 | Snake:4  | Got a pair of heavily runed gloves
 41884 | Snake:4  | Identified the +2 pair of gloves of the Postmodern Gods {Str-4 Int+8} (You acquired it on level 4 of the Snake Pit)
 41997 | Snake:4  | Received a gift from Trog
 41999 | Snake:4  | HP: 6/163 [shock serpent/bolt of electricity (16)]
 42001 | Snake:4  | HP: 2/163 [guardian serpent (10)]
 42003 | Snake:4  | Slain by a shock serpent

Skill      XL: |  1  2  3  4  5  6  7  8  9 10 11 12 13 14 15 16 17 18 |
---------------+-------------------------------------------------------+-----
Axes           | 4 5 7 9 11 13 14 16 17 18 19 20 | 20.0
Fighting       | 4 5 8 10 12 15 | 15.2
Dodging        | 5 7 10 11 14 16 18 | 18.0
Throwing       | 5 6 9 10 12 14 16 | 16.0
Evocations     | 5 8 10 | 10.0
Armour         | 4 8 10 | 10.4

Action                   |  1- 3 |  4- 6 |  7- 9 | 10-12 | 13-15 | 16-18 || total
-------------------------+-------+-------+-------+-------+-------+-------++-------
Melee: Hand axe          |    56 |   115 |   272 |   420 |    71 |   198 ||  1132
       Headbutt          |     7 |    17 |    73 |   154 |   262 |   284 ||   797
       Battleaxe         |       |       |       |   218 |   890 |   944 ||  2052
Throw: Javelin           |       |       |       |     4 |    15 |    14 ||    33
       Tomahawk          |       |       |       |       |    28 |    20 ||    48
Invok: Berserk           |     2 |     4 |    12 |    13 |    16 |    18 ||    65
       Trog's Hand       |     1 |       |       |       |     2 |     7 ||    10
       Burn Spellbooks   |       |       |     2 |     3 |     3 |       ||     8
       Brothers in Arms  |       |       |       |     3 |    11 |     8 ||    22
Evoke: Wand              |       |       |       |     8 |     4 |       ||    12
  Use: Scroll            |       |       |    15 |    12 |    13 |    12 ||    52
       Potion            |       |       |       |       |     1 |    16 ||    17
 Stab: Distracted        |     1 |       |       |       |     1 |     2 ||     4
  Eat: Chunk             |       |     9 |    24 |    43 |    42 |    25 ||   143
       Bread ration      |       |       |       |       |     1 |     2 ||     3
       Meat ration       |       |       |       |       |     3 |     4 ||     7
       Fruit             |       |       |       |       |       |     3 ||     3
       Royal jelly       |       |       |       |       |       |     4 ||     4
Armor: Animal skin       |     9 |       |       |       |       |       ||     9
       Robe              |       |    14 |     2 |       |       |       ||    16
       Chain mail        |       |       |    70 |   162 |    32 |       ||   264
       Plate armour      |       |       |       |    81 |       |       ||    81
       Scale mail        |       |       |       |       |   253 |   417 ||   670
Dodge: Dodged            |    36 |    67 |   127 |   342 |   570 |   902 ||  2044
